 Dungeon Crawl Stone Soup version 0.31-a0-174-g85c54bcb58 (webtiles) character file.

Game seed: 3037689630624193796

595 qw the Shooter (level 7, 0/54 (64) HPs)
             Began as a Naga Hunter on June 15, 2023.
             Slain by Edmund
             ... wielding a +2 dire flail of draining
              (6 damage)
             ... on level 5 of the Dungeon.
             The game lasted 00:01:03 (2906 turns).

qw the Shooter (Naga Hunter)                        Turns: 2906, Time: 00:01:04

HP:   0/54 (64)     AC:  3    Str: 14    XL:     7   Next: 40%
MP:   7/7           EV: 10    Int:  9    God:
Gold: 127           SH:  0    Dex: 16    Spells: 6/6 levels left

rFire   . . .        Y - +0 shortbow
rCold   . . .        (shield currently unavailable)
rNeg    . . .        c - +0 leather armour
rPois   +            (no helmet)
rElec   .            (no cloak)
rCorr   .            (no gloves)
SInv    +            (no barding)
Will    .....        (no amulet)
Stlth   ++           (no ring)
HPRegen 0.29/turn    (no ring)
MPRegen 0.10/turn

%: no passive effects
@: short of breath, heavily drained, very slow
A: AC +2, large, see invisible, deformed body, poison resistance, slowness 2,
spit poison 1, naga tail 1
a: Spit Poison


You were on level 5 of the Dungeon.
You visited 1 branch of the dungeon, and saw 5 of its levels.

You collected 127 gold pieces.


Innate Abilities, Weirdness & Mutations

Your serpentine skin is tough. (AC +2)
You have supernaturally acute eyesight. (SInv)
Armour fits poorly on your strangely shaped body.
Your system is resistant to poisons. (rPois)
You cover ground very slowly.
You can spit poison.
You have a snake-like lower body.


   Skills:
 - Level 4.0 Fighting
 + Level 7.1 Ranged Weapons
 - Level 2.1 Dodging
 - Level 1.5 Stealth


You had 6 spell levels left.
You didn't know any spells.
Your spell library was empty.

Inventory:

Hand Weapons
 Y - a +0 shortbow (weapon)
Armour
 c - a +0 leather armour (worn)
Scrolls
 g - 2 scrolls of identify
Potions
 f - 2 potions of curing
 h - a potion of might

Dungeon Overview and Level Annotations

Branches:
Dungeon (6/15)
 Temple: D:4-7

Altars:

Annotations:
D:5 Edmund


Message History

Edmund hits you with a +2 dire flail of draining!
You feel drained.
2899 ||| INVOKING Spit Poison.
Aiming: Spit Poison (1% risk of failure)
Press: ? - help, Shift-Dir - straight line, f/p - Edmund The splash of poison misses Edmund.
Edmund completely misses you.
You shoot an arrow. The arrow hits Edmund.
Edmund is heavily wounded.
Edmund misses you.
You shoot an arrow. The arrow hits Edmund!
Edmund is severely wounded.
You have got your breath back.
Edmund barely misses you.
2902 ||| INVOKING Spit Poison.
Aiming: Spit Poison (1% risk of failure)
Press: ? - help, Shift-Dir - straight line, f/p - Edmund The splash of poison hits Edmund but does no damage.
Edmund looks even sicker.
Edmund is severely wounded.
Edmund hits you with a +2 dire flail of draining!
You feel drained.
2903 ||| DRINKING potion of heal wounds.
You feel much better.
You hear the brisk rusting of a very distant drain.
Edmund barely misses you.
You shoot an arrow. The arrow hits Edmund.
Edmund is almost dead.
Edmund hits you with a +2 dire flail of draining!
You feel drained.
You shoot an arrow.
The arrow hits Edmund but does no damage.
Edmund is almost dead.
Edmund closely misses you.
You shoot an arrow.
The arrow hits Edmund but does no damage.
Edmund is almost dead.
Edmund hits you with a +2 dire flail of draining!
You feel drained.
You die...

# . ### .# #. ##.# #.#
#.# #..# #.# # #.#
##.## #.# ###
#..###..# #..###..
#..@#..#### #......
#..@...#.### #......
#..........###......
#........#..##......
#.....#......##.....
......#...#....##....
...............).#....
##.......[.#.#.#.#....
##.#.....#...........
#.#....#............


You could see Edmund (poisoned).

Vanquished Creatures
  An ogre (D:5)
  A scorpion (D:5)
  A howler monkey (D:5)
  3 orc priests (D:3)
  A hound (D:3)
  A jelly (D:5)
  Jessica (D:2)
  Ijyb (D:3)
  A sleepcap (D:5)
  Natasha (thrice) (D:3)
  An iguana (D:5)
  A gnoll (D:1)
  2 adders
  A worm (D:2)
  4 dart slugs
  3 orcs
  An endoplasm (D:1)
  5 giant cockroaches
  6 goblins
  6 hobgoblins
  3 quokkas
  2 ball pythons (D:1)
  3 bats
  4 frilled lizards
  8 kobolds
  7 rats
71 creatures vanquished.

Notes
Turn   | Place    | Note
-------+----------+-------------------------------------------
     0 | D:1      | qw the Naga Hunter began the quest for the Orb.
     0 | D:1      | Reached XP level 1. HP: 19/19 MP: 1/1
     0 | D:1      | 0 ||| qw: Version: 0.2-a-29-g511e9b1
     0 | D:1      | 0 ||| qw: Game counter: 5510
     0 | D:1      | 0 ||| qw: Always use a shield: true
     0 | D:1      | 0 ||| qw: God list: Okawaru
     0 | D:1      | 0 ||| qw: Allow faded altars: false
     0 | D:1      | 0 ||| qw: Do Orc after D:15 true
     0 | D:1      | 0 ||| qw: Do second Lair branch before Depths: true
     0 | D:1      | 0 ||| qw: Lair rune preference: random
     0 | D:1      | 0 ||| qw: Plans: Normal
     0 | D:1      | 0 ||| PLANNING D:1-11
    18 | D:1      | 18 ||| INVOKING Spit Poison.
    64 | D:1      | 64 ||| INVOKING Spit Poison.
    69 | D:1      | 69 ||| INVOKING Spit Poison.
    84 | D:1      | 84 ||| INVOKING Spit Poison.
    90 | D:1      | 90 ||| INVOKING Spit Poison.
    92 | D:1      | Reached skill level 4 in Ranged Weapons
    92 | D:1      | Reached XP level 2. HP: 25/26 MP: 2/2
   122 | D:1      | 122 ||| INVOKING Spit Poison.
   126 | D:1      | 126 ||| INVOKING Spit Poison.
   129 | D:1      | 129 ||| INVOKING Spit Poison.
   132 | D:1      | 132 ||| INVOKING Spit Poison.
   158 | D:1      | 158 ||| INVOKING Spit Poison.
   164 | D:1      | Reached XP level 3. HP: 27/32 MP: 3/3
   164 | D:1      | 164 ||| INVOKING Spit Poison.
   169 | D:1      | 169 ||| INVOKING Spit Poison.
   175 | D:1      | 175 ||| INVOKING Spit Poison.
   179 | D:1      | 179 ||| INVOKING Spit Poison.
   237 | D:1      | 237 ||| INVOKING Spit Poison.
   276 | D:1      | 276 ||| INVOKING Spit Poison.
   348 | D:1      | 348 ||| INVOKING Spit Poison.
   360 | D:1      | 360 ||| INVOKING Spit Poison.
   378 | D:1      | 378 ||| INVOKING Spit Poison.
   408 | D:1      | 408 ||| INVOKING Spit Poison.
   605 | D:1      | 605 ||| READING 2 scrolls labelled DASMUH TIAZUTWAY.
   606 | D:1      | 606 ||| READING scroll labelled SAOMIR VIKKU.
   607 | D:1      | 607 ||| READING scroll labelled VODYRO JEDU.
   608 | D:1      | 608 ||| READING scroll labelled BICWEDGHIAFE.
   609 | D:1      | 609 ||| DROPPING scroll of noise.
   610 | D:1      | 610 ||| DROPPING scroll of butterflies.
   640 | D:2      | 640 ||| INVOKING Spit Poison.
   653 | D:2      | 653 ||| INVOKING Spit Poison.
   663 | D:2      | 663 ||| INVOKING Spit Poison.
   666 | D:2      | 666 ||| INVOKING Spit Poison.
   790 | D:2      | 790 ||| INVOKING Spit Poison.
   794 | D:2      | 794 ||| INVOKING Spit Poison.
   797 | D:2      | 797 ||| INVOKING Spit Poison.
   823 | D:2      | 823 ||| INVOKING Spit Poison.
   847 | D:2      | 847 ||| INVOKING Spit Poison.
   955 | D:2      | 955 ||| INVOKING Spit Poison.
   961 | D:2      | 961 ||| INVOKING Spit Poison.
   963 | D:2      | Reached skill level 5 in Ranged Weapons
   963 | D:2      | Reached XP level 4. HP: 31/39 MP: 4/4
  1014 | D:2      | 1014 ||| INVOKING Spit Poison.
  1039 | D:2      | 1039 ||| INVOKING Spit Poison.
  1300 | D:2      | Noticed Jessica
  1302 | D:2      | 1302 ||| INVOKING Spit Poison.
  1306 | D:2      | 1306 ||| INVOKING Spit Poison.
  1306 | D:2      | Killed Jessica
  1369 | D:2      | 1369 ||| INVOKING Spit Poison.
  1402 | D:2      | 1402 ||| INVOKING Spit Poison.
  1536 | D:2      | 1536 ||| READING 2 scrolls labelled HOFYOPL FUTAST.
  1537 | D:2      | 1537 ||| READING scroll labelled XAOZXA USORIX.
  1538 | D:2      | 1538 ||| DRINKING 2 bubbling white potions.
  1539 | D:2      | 1539 ||| DRINKING 2 metallic golden potions.
  1540 | D:2      | 1540 ||| READING 2 scrolls of identify.
  1540 | D:2      | 1540 ||| IDENTIFYING puce potion
  1541 | D:2      | 1541 ||| DROPPING scroll of fear.
  1542 | D:2      | 1542 ||| DROPPING potion of berserk rage.
  1552 | D:3      | 1552 ||| INVOKING Spit Poison.
  1557 | D:3      | 1557 ||| INVOKING Spit Poison.
  1560 | D:3      | Reached skill level 3 in Fighting
  1560 | D:3      | Reached XP level 5. HP: 42/49 MP: 5/5
  1630 | D:3      | 1630 ||| INVOKING Spit Poison.
  1633 | D:3      | 1633 ||| INVOKING Spit Poison.
  1634 | D:3      | 1634 ||| Stepping ~*~*~tactically~*~*~ (outnumbered).
  1640 | D:3      | 1640 ||| INVOKING Spit Poison.
  1644 | D:3      | 1644 ||| INVOKING Spit Poison.
  1648 | D:3      | 1648 ||| INVOKING Spit Poison.
  1685 | D:3      | 1685 ||| INVOKING Spit Poison.
  1689 | D:3      | Reached XP level 6. HP: 22/56 MP: 6/6
  1763 | D:3      | 1763 ||| INVOKING Spit Poison.
  1826 | D:3      | Noticed Natasha
  1828 | D:3      | 1828 ||| INVOKING Spit Poison.
  1830 | D:3      | 1830 ||| Stepping ~*~*~tactically~*~*~ (outnumbered).
  1833 | D:3      | 1833 ||| INVOKING Spit Poison.
  1837 | D:3      | 1837 ||| INVOKING Spit Poison.
  1837 | D:3      | Killed Natasha
  1838 | D:3      | Reached skill level 6 in Ranged Weapons
  1858 | D:3      | Noticed Natasha
  1861 | D:3      | 1861 ||| INVOKING Spit Poison.
  1864 | D:3      | 1864 ||| Stepping ~*~*~tactically~*~*~ (outnumbered).
  1871 | D:3      | 1871 ||| INVOKING Spit Poison.
  1872 | D:3      | Killed Natasha
  2000 | D:3      | Noticed Natasha
  2002 | D:3      | 2002 ||| INVOKING Spit Poison.
  2006 | D:3      | Killed Natasha
  2139 | D:3      | 2139 ||| INVOKING Spit Poison.
  2169 | D:3      | 2169 ||| INVOKING Spit Poison.
  2251 | D:3      | 2251 ||| INVOKING Spit Poison.
  2275 | D:3      | Noticed Ijyb
  2276 | D:3      | 2276 ||| INVOKING Spit Poison.
  2281 | D:3      | 2281 ||| INVOKING Spit Poison.
  2281 | D:3      | Killed Ijyb
  2414 | D:3      | You fall into a shaft and drop 3 floors!
  2415 | D:6      | 2415 ||| READING scroll labelled RYURUO YXEC.
  2508 | D:6      | 2508 ||| READING 2 scrolls labelled CIJAOTW SOUW.
  2509 | D:6      | 2509 ||| READING 3 scrolls of identify.
  2509 | D:6      | 2509 ||| IDENTIFYING lumpy green potion
  2510 | D:6      | 2510 ||| READING 2 scrolls of identify.
  2510 | D:6      | 2510 ||| IDENTIFYING yellow potion
  2511 | D:6      | 2511 ||| DROPPING scroll of poison.
  2512 | D:6      | 2512 ||| DROPPING potion of brilliance.
  2517 | D:5      | Entered Level 5 of the Dungeon
  2518 | D:5      | 2518 ||| PLANNING SEWER
  2518 | D:5      | 2518 ||| INVOKING Spit Poison.
  2522 | D:5      | 2522 ||| INVOKING Spit Poison.
  2525 | D:5      | 2525 ||| INVOKING Spit Poison.
  2528 | D:5      | 2528 ||| INVOKING Spit Poison.
  2529 | D:5      | HP: 14/57 [poisoned by an adder]
  2530 | D:5      | 2530 ||| DRINKING potion of heal wounds.
  2702 | D:5      | 2702 ||| INVOKING Spit Poison.
  2715 | D:5      | Reached XP level 7. HP: 64/64 MP: 7/7
  2790 | D:5      | 2790 ||| INVOKING Spit Poison.
  2795 | D:5      | 2795 ||| INVOKING Spit Poison.
  2797 | D:5      | Reached skill level 7 in Ranged Weapons
  2817 | D:5      | 2817 ||| INVOKING Spit Poison.
  2869 | D:5      | 2869 ||| DROPPING +3 sling.
  2893 | D:5      | Noticed Edmund
  2894 | D:5      | 2894 ||| INVOKING Spit Poison.
  2899 | D:5      | 2899 ||| INVOKING Spit Poison.
  2902 | D:5      | 2902 ||| INVOKING Spit Poison.
  2902 | D:5      | HP: 14/58 [Edmund/+2 dire flail of draining (3)]
  2903 | D:5      | 2903 ||| DRINKING potion of heal wounds.
  2906 | D:5      | HP: 6/56 [Edmund/+2 dire flail of draining (15)]
  2906 | D:5      | Slain by Edmund

Levels and vault maps discovered:
D:1:      minmay_arrival_wavy_path, layout_basic, nicolae_the_louvre
D:2:      layout_basic, uniq_jessica
D:3:      layout_loops_ring, minmay_misc_feat_columns, uniq_ijyb, uniq_natasha
D:5:      layout_layer_cave, portal_sewer_entry_d, corexii_shack, st_stairs_2,
          hangedman_decor_opposing, uniq_sigmund, uniq_edmund
D:6:      layout_rooms, hellmonk_ghost_happy_afterlife, uniq_maggie

Skill      XL: |  1  2  3  4  5  6  7 |
---------------+----------------------+-----
Ranged Weapons | 4 5 6 7 |  7.1
Fighting       | 3 4 |  4.0
Dodging        | 2 |  2.1
Stealth        | |  1.5

Action                     |  1- 3 |  4- 6 |  7- 9 || total
---------------------------+-------+-------+-------++-------
   Fire: Shortbow          |    72 |    83 |    26 ||   181
Ability: Spit Poison       |    31 |    31 |     6 ||    68
    Use: Scroll            |     4 |     7 |       ||    11
         Potion            |       |     3 |     1 ||     4
 Armour: Leather armour    |    10 |    12 |     1 ||    23
  Dodge: Dodged            |    13 |    26 |     8 ||    47

Table legend:
 A = Non-vault XP
 B = Vault XP
 C = Vault XP percentage of total XP
 D = Non-vault monster count
 E = Vault monster count
 F = Vault count percentage of total count
                 A         B        C        D         E       F
            +---------+---------+-------+---------+---------+-------
      Total |     692 |     159 |  18.7 |      65 |       6 |   8.5
            +---------+---------+-------+---------+---------+-------
        D:1 |      56 |       0 |   0.0 |      28 |       0 |   0.0
        D:2 |      57 |      37 |  39.4 |      20 |       1 |   4.8
        D:3 |     253 |      71 |  21.9 |      12 |       2 |  14.3
        D:5 |     326 |      51 |  13.5 |       5 |       3 |  37.5
            +---------+---------+-------+---------+---------+-------
